 Dungeon Crawl Stone Soup version 0.23-a0-448-g1c01f63 (webtiles) character file.

3291 ember the Grappler (level 9, 0/81 HPs)
             Began as a Troll Venom Mage on Nov 20, 2018.
             Was a Believer of Qazlal.
             Slain by a killer bee (8 damage)
             ... on level 7 of the Dungeon.
             The game lasted 00:18:59 (7032 turns).

ember the Grappler (Troll Venom Mage)               Turns: 7032, Time: 00:19:00

Health: 0/81       AC:  5    Str: 18    XL:     9   Next: 69%
Magic:  10/10      EV:  8    Int: 18    God:    Qazlal [**....]
Gold:   313        SH: 15    Dex: 10    Spells: 7/11 levels left

rFire    + . .     SeeInvis .     - Unarmed
rCold    + . .     Gourm    +   e - +0 shield
rNeg     . . .     Faith    .   a - +0 robe
rPois    .         Spirit   .   (helmet restricted)
rElec    .         Reflect  +   C - scarf {rC+ rF+}
rCorr    .         Harm     .   (gloves unavailable)
MR       .....                  (boots unavailable)
Stlth    +.........             E - +4 amulet of reflection
HPRegen  0.63/turn              z - ring of wizardry
MPRegen  0.12/turn              v - +4 ring of intelligence

@: lethally poisoned (0 -> -28)
A: large, unfitting armour, claws 3, fast metabolism 3, gourmand, regeneration
1, shaggy fur 1, tough skin 2
a: Upheaval, Renounce Religion


You were on level 7 of the Dungeon.
You worshipped Qazlal.
Qazlal was pleased with you.
You were full.

You visited 2 branches of the dungeon, and saw 9 of its levels.

You collected 513 gold pieces.
You spent 200 gold pieces at shops.

Inventory:

Missiles
 q - 19 tomahawks (quivered)
Armour
 a - a +0 robe (worn)
 e - a +0 shield (worn)
 g - a scarf of spirit shield
 C - a scarf of resistance (worn)
Jewellery
 h - an uncursed ring of stealth
 v - a +4 ring of intelligence (right claw)
 z - a ring of wizardry (left claw)
 E - a +4 amulet of reflection (around neck)
 J - an uncursed ring of flight
Wands
 t - a wand of paralysis (8)
 x - a wand of iceblast (16)
 B - a wand of disintegration (12)
Scrolls
 b - 13 scrolls of identify {unknown}
 d - 3 scrolls of teleportation {unknown}
 f - 3 scrolls of enchant armour {unknown}
 j - 2 scrolls of fear {unknown}
 r - 6 scrolls of fog {unknown}
 s - a scroll of immolation {unknown}
 w - 4 scrolls of magic mapping {unknown}
 y - 4 scrolls of remove curse {unknown}
 A - a scroll of acquirement {unknown}
 D - a scroll of blinking {unknown}
 G - 2 scrolls of amnesia {unknown}
Potions
 i - 2 potions of haste {unknown}
 k - 6 potions of curing {unknown}
 l - 2 potions of mutation {unknown}
 m - 3 potions of might
 n - a potion of lignification {unknown}
 o - 2 potions of brilliance {unknown}
 p - 2 potions of agility {unknown}
 u - a potion of degeneration {unknown}
 F - 2 potions of invisibility {unknown}
 H - a potion of ambrosia {unknown}
 I - a potion of cancellation {unknown}
Comestibles
 c - 21 rations


   Skills:
 + Level 3.0 Fighting
 - Level 1.5 Dodging
 - Level 1.0 Stealth
 + Level 5.1 Shields
 + Level 10.1 Unarmed Combat
 + Level 1.8 Spellcasting
 - Level 0.6 Conjurations
 * Level 2.4 Hexes
 + Level 2.8 Poison Magic


You had 7 spell levels left.
You knew the following spells:

 Your Spells              Type           Power        Failure   Level  Hunger
a - Sting                 Conj/Pois      #...         9%          1    #......
b - Poisonous Vapours     Pois/Air       #.....       14%         2    ###....
c - Confusing Touch       Hex            ##....       6%          1    #......

Your spell library contained the following spells:

 Spells                   Type           Power        Failure   Level  Hunger
 Animate Skeleton         Necr           N/A          16%         1    #......
 Apportation              Tloc           #.....       16%         1    #......
 Summon Butterflies       Summ           #.......     16%         1    #......
 Summon Small Mammal      Summ           #...         16%         1    #......
 Confuse                  Hex            ##......     17%         3    ###....
 Tukima's Dance           Hex            ##......     17%         3    ###....
 Mephitic Cloud           Conj/Pois/Air  #.......     30%         3    ###....
 Gell's Gravitas          Tloc           #.........   43%         3    ###....
 Lesser Beckoning         Tloc           #.........   43%         3    ###....
 Recall                   Summ/Tloc      N/A          43%         3    ###....
 Olgreb's Toxic Radiance  Pois           ##......     43%         4    #####..
 Petrify                  Tmut/Erth      #.......     82%         4    #####..
 Venom Bolt               Conj/Pois      #.........   89%         5    ######.
 Alistair's Intoxication  Tmut/Pois      #.......     92%         5    ######.
 Metabolic Englaciation   Hex/Ice        #.........   93%         5    ######.
 Summon Mana Viper        Hex/Summ       #.......     93%         5    ######.
 Yara's Violent Unravell  Hex/Tmut       #.........   93%         5    ######.
 Aura of Abjuration       Summ           #.........   98%         5    ######.
 Summon Demon             Summ           #.........   98%         5    ######.
 Summon Forest            Summ/Tloc      #.........   98%         5    ######.
 Invisibility             Hex            ##......     100%        6    #######
 Shadow Creatures         Summ           N/A          100%        6    #######


Dungeon Overview and Level Annotations

Branches:
Dungeon (8/15)             Temple (1/1) D:5
   Lair: D:8-11

Altars:
Ashenzari
Elyvilon
Fedhas
Gozag
Hepliaklqana
Kikubaaqudgha
Makhleb
Nemelex Xobeh
Okawaru
Qazlal
Ru
Sif Muna
Trog
Uskayaw
Wu Jian
Yredelemnul
Zin
The Shining One

Shops:
D:7 (:

Annotations:
D:6 exclusion: 2 downstairs


Innate Abilities, Weirdness & Mutations

You are too large for most types of armour.
You have claws for hands.
Your metabolism is lightning-fast.
You like to eat raw meat.
Your natural rate of healing is unusually fast.
You are covered in fur. (AC +1)
You have very tough skin. (AC +2)


Message History

The killer bee poisons you! You block the killer bee's attack.
The killer bee barely misses you. You block the killer bee's attack.
You claw the killer bee!
You kill the killer bee!
Qazlal accepts your kill.
* * * LOW HITPOINT WARNING * * *
You feel very sick. The killer bee barely misses you.
* * * LOW HITPOINT WARNING * * *
You feel very sick. You block the killer bee's attack.
The killer bee closely misses you.
You see here a killer bee corpse.
You barely miss the killer bee.
The killer bee is lightly wounded.
* * * LOW HITPOINT WARNING * * *
You feel very sick. The killer bee stings you.
* * * LOW HITPOINT WARNING * * *
The killer bee stings you!
You die...

#..........# #..#.
#..........# #..##
#..........# #...#
#..........# #.#.#
#....).....# #....
##...>......####...
#..................
#...........###....
#.@.ยง......##
##... #.y........#
#...
#..........#####...
##.....<...........
#..........#####...
#..........# #...
#..........# ####
#..........#
#..........#


You could see a killer bee.

Vanquished Creatures
  Prince Ribbit (D:6)
  Eustachio (D:5)
  A steam dragon (D:8)
  2 hungry ghosts
  An orc warrior (D:8)
  3 ice beasts (D:7)
  2 sky beasts
  A phantom (D:8)
  4 ogres
  A centaur (D:8)
  A big kobold (D:4)
  A bullfrog (D:8)
  A wyvern skeleton (D:7)
  3 scorpions
  A killer bee (D:7)
  3 crimson imps
  4 jellies
  An orc priest (D:5)
  2 bullfrog skeletons (D:7)
  4 hounds
  A gnoll shaman (D:6)
  3 iguanas
  4 orc wizards
  4 worker ants
  A hound zombie (D:3)
  A hound skeleton (D:4)
  2 worker ant zombies (D:5)
  5 gnolls (D:6)
  6 adders
  2 shadow imps
  2 oozes (D:1)
  An adder skeleton (D:7)
  5 worms
  3 dart slugs
  6 leopard geckos
  30 orcs
  2 ball pythons
  5 giant cockroaches
  5 goblins
  8 hobgoblins
  9 jackals
  13 kobolds
  3 quokkas
  7 bats
  6 frilled lizards
  A quokka skeleton (D:6)
  A quokka zombie (D:5)
  6 rats
180 creatures vanquished.

Vanquished Creatures (others)
  A centaur (D:8)
1 creature vanquished.

Grand Total: 181 creatures vanquished

Notes
Turn   | Place    | Note
-------+----------+-------------------------------------------
     0 | D:1      | ember the Troll Venom Mage began the quest for the Orb.
     0 | D:1      | Reached XP level 1. HP: 16/16 MP: 1/1
   178 | D:1      | Reached XP level 2. HP: 24/24 MP: 3/3
   219 | D:1      | Learned a level 2 spell: Poisonous Vapours
   443 | D:1      | Reached XP level 3. HP: 31/31 MP: 4/4
   537 | D:1      | Reached skill level 1 in Unarmed Combat
   752 | D:1      | You fall through a shaft!
  1311 | D:2      | Found a faded altar of an unknown god.
  1857 | D:3      | Reached XP level 4. HP: 31/40 MP: 2/5
  1903 | D:3      | Reached skill level 1 in Shields
  1918 | D:3      | Reached skill level 2 in Unarmed Combat
  2177 | D:3      | Found a sacrificial altar of Ru.
  2206 | D:3      | Reached XP level 5. HP: 46/46 MP: 6/6
  2284 | D:3      | Found an iron altar of Okawaru.
  2299 | D:3      | Found a hide-covered altar of Uskayaw.
  2447 | D:3      | Found a shattered altar of Ashenzari.
  2791 | D:4      | Reached skill level 3 in Unarmed Combat
  3035 | D:4      | Reached skill level 1 in Fighting
  3153 | D:4      | Reached XP level 6. HP: 55/55 MP: 7/7
  3194 | D:4      | Reached skill level 4 in Unarmed Combat
  3408 | D:5      | Entered Level 5 of the Dungeon
  3663 | D:5      | Noticed Eustachio
  3683 | D:5      | Killed Eustachio
  3683 | D:5      | Reached skill level 5 in Unarmed Combat
  3683 | D:5      | Reached XP level 7. HP: 53/62 MP: 5/8
  3932 | D:5      | Found a staircase to the Ecumenical Temple.
  3941 | Temple   | Entered the Ecumenical Temple
  4033 | Temple   | Became a worshipper of Qazlal Stormbringer
  4121 | D:5      | Reached skill level 6 in Unarmed Combat
  4657 | D:6      | Reached skill level 7 in Unarmed Combat
  4657 | D:6      | Reached XP level 8. HP: 40/72 MP: 4/9
  4824 | D:6      | Reached * piety under Qazlal
  5099 | D:6      | Found a deep blue altar of Sif Muna.
  5132 | D:6      | Noticed Prince Ribbit
  5386 | D:6      | Killed Prince Ribbit
  5386 | D:6      | Reached skill level 8 in Unarmed Combat
  5443 | D:7      | Found Kywied's Weapon Emporium.
  5451 | D:7      | Found Quridiso's Book Boutique.
  5463 | D:7      | Bought a book of Cantrips for 200 gold pieces
  5465 | D:7      | Learned a level 1 spell: Confusing Touch
  5607 | D:7      | Reached skill level 1 in Hexes
  5684 | D:7      | Identified the cursed +0 chain mail of the Wild Haggis
                  | {-Tele rElec rC+}
  5745 | D:7      | Reached skill level 9 in Unarmed Combat
  5745 | D:7      | Reached XP level 9. HP: 70/80 MP: 10/10
  5763 | D:7      | Noticed a skeletal warrior
  6132 | D:7      | HP: 4/81 [skeletal warrior/+0 war axe (28)]
  6818 | D:8      | Reached ** piety under Qazlal
  6935 | D:8      | Reached skill level 5 in Shields
  6976 | D:8      | Reached skill level 10 in Unarmed Combat
  6981 | D:8      | Found an opulent altar of Gozag.
  7032 | D:7      | Slain by a killer bee

Vault maps used:
D:1:      dpeg_arrival_castle, corner_web_ring
D:2:      chequers_ecumenical_altar_grove, minmay_misc_feat_tiny, st_stairs_12,
          minmay_misc_feat_alley, chequers_serial_rivers_marsh
D:3:      nicolae_ru_the_path_less_chosen, eat_drink_and_be_merry_uskayaw,
          nicolae_ashenzari_panopticon, first_ration, okawaru_trees_2
D:5:      minmay_temple_entry_proselytizer, minmay_misc_feat_ornament,
          minmay_misc_feat_columns, uniq_eustachio
D:6:      led_sif_pool, uniq_prince_ribbit1
D:7:      minmay_the_grid_four_pointed_star, serial_shops,
          nicolae_shop_temple_entry_statues_fountains, nicolae_shop_stone
D:8:      grunt_gozag_statues, grunt_livestock
Temple:   nicolae_temple_god_jail

Skill      XL: |  1  2  3  4  5  6  7  8  9 |
---------------+----------------------------+-----
Unarmed Combat | 1 2 3 5 7 9 10 | 10.1
Shields        | 1 2 3 4 5 |  5.1
Fighting       | 1 2 3 |  3.0
Hexes          | 1 2 |  2.4
Dodging        | |  1.5
Stealth        | |  1.0
Spellcasting   | |  1.8
Conjurations   | |  0.6
Poison Magic   | |  2.8

Action                   |  1- 3 |  4- 6 |  7- 9 || total
-------------------------+-------+-------+-------++-------
Melee: Unarmed           |   165 |   216 |   373 ||   754
Throw: Tomahawk          |       |       |     5 ||     5
 Cast: Confusing Touch   |       |       |     7 ||     7
Evoke: Wand              |       |       |     3 ||     3
 Stab: Sleeping          |     3 |     6 |     3 ||    12
       Confused          |       |       |     6 ||     6
  Eat: Chunk             |    18 |    21 |    37 ||    76
Armor: Robe              |   121 |    64 |    55 ||   240
Dodge: Dodged            |    77 |    73 |    73 ||   223
Block: Shield            |    67 |    76 |   169 ||   312
       Reflection        |       |       |     6 ||     6

Table legend:
 A = Non-vault XP
 B = Vault XP
 C = Vault XP percentage of total XP
 D = Non-vault monster count
 E = Vault monster count
 F = Vault count percentage of total count
                 A         B        C        D         E       F
            +---------+---------+-------+---------+---------+-------
      Total |    3718 |     984 |  20.9 |     167 |      14 |   7.7
            +---------+---------+-------+---------+---------+-------
        D:1 |      55 |       0 |   0.0 |      24 |       0 |   0.0
        D:2 |      35 |       5 |  12.5 |      18 |       1 |   5.3
        D:3 |     118 |       0 |   0.0 |      27 |       0 |   0.0
        D:4 |     316 |       0 |   0.0 |      19 |       0 |   0.0
        D:5 |     390 |     235 |  37.6 |      20 |       2 |   9.1
        D:6 |     657 |     264 |  28.7 |      26 |       1 |   3.7
        D:7 |    1014 |     480 |  32.1 |      20 |      10 |  33.3
        D:8 |    1133 |       0 |   0.0 |      13 |       0 |   0.0
            +---------+---------+-------+---------+---------+-------
